[Event "Titled Tuesday Blitz August 16 Early 2022"]
[White "Rosenberg, Evan S"]
[Black "Averjanov, Alexey"]
[WhiteFideId "2019299"]
[BlackFideId "14109867"]
[WhiteElo "1999"]
[BlackElo "2399"]
[Result "1/2-1/2"]
[Round "04"]
[TimeControl "180+2"]
[Date "2022.08.18"]
[WhiteClock "0:00:00"]
[BlackClock "0:00:00"]

1. e4 c6 2. d4 d5 3. e5 Bf5 4. h4 h5 5. Bg5 Qb6 6. Bd3 Bxd3 7. Qxd3 e6 8. Nd2 Qa6 9. c4 Bb4 10. Nf3 Ne7 11. b3 Nf5 12. O-O Nd7 13. Rfd1 c5 14. Nf1 dxc4 15. bxc4 cxd4 16. Rab1 Bc3 17. Qe4 Nc5 18. Qe2 d3 19. Rxd3 Nxd3 20. Qxd3 Ba5 21. Qa3 Bd8 22. Qxa6 bxa6 23. Rb7 Bxg5 24. Nxg5 O-O 25. g3 Nh6 26. Ne3 Rfb8 27. Rc7 Rc8 28. Rd7 a5 29. a4 a6 30. Kg2 Rd8 31. Rb7 Rab8 32. Ra7 Rb4 33. c5 Rc8 34. Rxa6 Rxa4 35. c6 Ra2 36. c7 Rb2 37. Nc4 Rb7 38. Nd6 Rbxc7 39. Nxc8 Rxc8 40. Rxa5 g6 41. Ra7 Rf8 42. f3 Nf5 43. Ne4 Kg7 44. Nf6 Rd8 45. Kh3 Nd4 46. f4 Nf5 47. Ra3 Rc8 48. g4 hxg4+ 49. Nxg4 Nh6 50. Nxh6 Kxh6 51. Kg4 Rc1 52. Ra7 Kg7 53. Kg3 Rg1+ 54. Kh3 Rf1 55. Kg3 Rh1 56. Kg4 Rh2 57. Kg3 Rb2 58. Kg4 Rb4 59. Kg3 Rb8 60. Kg4 Rc8 61. Kg3 Rc3+ 62. Kg4 Rd3 63. Rb7 Ra3 64. Rc7 Rb3 65. Rd7 Rc3 66. Rb7 Re3 67. Rc7 Re4 68. Kf3 Rd4 69. Kg3 Rb4 70. Kf3 Rb5 71. Kg3 Rb6 72. Kf3 Ra6 73. Kg3 Ra8 74. Kf3 Rb8 75. Kg3 Rh8 76. Kh3 Rh5 77. Kg4 Rf5 78. Kg3 Kf8 79. Kg4 Ke8 80. Kg3 Kd8 81. Ra7 Ke8 82. Kg4 Kf8 83. Rb7 Rh5 84. Rc7 Kg7 85. Rd7 Rh8 86. Rc7 Rd8 87. Rb7 Rf8 88. Rc7 Kh6 89. Rd7 f6 90. exf6 Rxf6 91. Re7 Rf8 92. Rxe6 Kg7 93. h5 gxh5+ 94. Kxh5 Rxf4 95. Kg5 Rf1 96. Re7+ Kf8 97. Ra7 Ke8 98. Kg6 Kd8 99. Kg5 Rg1+ 100. Kf6 Re1 101. Kf5 Kc8 102. Kf4 Kb8 103. Rh7 Rc1 104. Ke5 Rc6 105. Kd5 Rg6 106. Kc5 Kc8 107. Kb5 Kd8 108. Ka5 Ke8 109. Kb5 Kf8 110. Ka5 Kg8 111. Rb7 Rg5+ 112. Kb4 Rg6 113. Kc5 Rg3 114. Kd5 Re3 115. Kd4 Re1 116. Kd5 Re8 117. Kd6 Rf8 118. Ke6 Re8+ 119. Kf6 Rf8+ 120. Kg6 Ra8 121. Rg7+ Kf8 122. Rf7+ Ke8 123. Rb7 Ra6+ 124. Kg5 Kd8 125. Rh7 Ra5+ 126. Kf6 Kc8 127. Ke6 Ra6+ 128. Kd5 Rf6 129. Kc5 Kb8 130. Kb5 Rg6 131. Ka5 Rg5+ 132. Kb6 Rg6+ 133. Kb5 Kc8 134. Kc5 Kd8 135. Kd5 Ke8 136. Ke5 Kf8 137. Kf5 Rc6 138. Ra7 Rb6 139. Ke5 Rb5+ 140. Kf6 Rb6+ 141. Kf5 Rb8 142. Kg5 Ke8 143. Kh5 Kd8 144. Kg5 Kc8 1/2-1/2


[Site "https://www.chess.com"]

[Event "Titled Tuesday Blitz August 16 Early 2022"]
[White "Rostovtsev, Dmitry"]
[Black "Ramirez Vido, Robert Yorisan"]
[WhiteFideId "34278320"]
[BlackFideId "3513823"]
[WhiteElo "2295"]
[BlackElo "2090"]
[Result "0-1"]
[Round "04"]
[TimeControl "180+2"]
[Date "2022.08.18"]
[WhiteClock "0:00:00"]
[BlackClock "0:00:00"]

1. e4 d6 2. d4 Nf6 3. Nc3 g6 4. f4 Bg7 5. Nf3 c5 6. dxc5 Qa5 7. Bd2 Qxc5 8. Bd3 O-O 9. Qe2 a6 10. h3 Nc6 11. Be3 Qb4 12. O-O-O Nxe4 13. Bxe4 Bxc3 14. bxc3 Qxe4 15. Qd3 Qa4 16. g4 Qa3+ 17. Kd2 Qxa2 18. Nd4 Qd5 19. c4 Qa5+ 20. Ke2 Nxd4+ 21. Bxd4 e5 22. Bc3 Qc5 23. fxe5 dxe5 24. Qd5 Qc7 25. c5 Re8 26. Ke3 Be6 27. Qd6 Rac8 28. Bb4 a5 29. Ba3 Qxd6 30. Rxd6 Red8 31. Rxd8+ Rxd8 32. Rb1 Bd5 33. Rd1 Rd7 34. c4 Bc6 35. Rxd7 Bxd7 36. Ke4 f5+ 37. gxf5 Bxf5+ 38. Kxe5 Bxh3 39. Kf6 Bf1 40. c6 bxc6 41. c5 Bd3 42. Bc1 h5 43. Kg5 Kf7 44. Kf4 Ke6 45. Ke3 Bf5 46. Kd4 h4 47. Bf4 h3 48. Bg3 a4 49. Kc3 Kd5 50. Kb4 Bc2 51. Bh2 g5 52. Bg3 g4 53. Bh2 Bd1 54. Bg3 Ke4 55. Ka5 a3 56. Kb6 Ba4 57. Bh4 a2 58. Bf6 h2 59. Bb2 h1=Q 60. Kc7 a1=Q 61. Bxa1 Qxa1 62. Kd6 Qe5+ 63. Kd7 Qxc5 64. Kc7 g3 65. Kb7 g2 66. Kc7 g1=Q 67. Kd7 Qg7+ 68. Kc8 Qcf8# 0-1


[Site "https://www.chess.com"]

[Event "Titled Tuesday Blitz August 16 Early 2022"]
[White "Rustemov, Alexander"]
[Black "Vrbljanac, Aleksandar"]
[WhiteFideId "4119002"]
[BlackFideId "932817"]
[WhiteElo "2800"]
[BlackElo "2309"]
[Result "0-1"]
[Round "04"]
[TimeControl "180+1"]
[Date "2022.08.16"]
[WhiteClock "0:02:12"]
[BlackClock "0:01:37"]

1. d4 d5 2. c4 c6 3. Nc3 e6 4. e3 Nf6 5. Nf3 Nbd7 6. Qc2 Bd6 7. b3 Qe7 8. Be2 b6 9. O-O O-O 10. Bb2 Bb7 11. Rad1 Rad8 12. Rfe1 e5 13. dxe5 Nxe5 14. cxd5 cxd5 15. Nb5 Nxf3+ 16. Bxf3 Bb8 17. Nd4 Rfe8 18. Nc6 Qc7 19. Rc1 Qxh2+ 20. Kf1 Ba6+ 0-1


[Site "https://www.chess.com"]

[Event "Titled Tuesday Blitz August 16 Early 2022"]
[White "Salem, A.R. Saleh"]
[Black "Volkov, Maksim"]
[WhiteFideId "9301348"]
[BlackFideId "54123070"]
[WhiteElo "2674"]
[BlackElo "2155"]
[Result "1-0"]
[Round "04"]
[TimeControl "180+1"]
[Date "2022.08.16"]
[WhiteClock "0:00:40"]
[BlackClock "0:00:17"]

1. d4 d5 2. c4 e6 3. Nc3 c6 4. Nf3 dxc4 5. e4 b5 6. Be2 Bb7 7. O-O Nf6 8. e5 Nd5 9. a4 a6 10. Ne4 Nd7 11. Nfg5 Be7 12. Bh5 g6 13. Qf3 O-O 14. Qh3 Bxg5 15. Nxg5 N7f6 16. exf6 Nxf6 17. Bf3 Qxd4 18. Qh6 Rfd8 19. axb5 axb5 20. Rxa8 Bxa8 21. h3 b4 22. Rd1 Qb6 23. Be3 Rxd1+ 24. Bxd1 c5 25. Qh4 Bd5 26. Qf4 Kg7 27. Qe5 Qa7 28. Bf3 h6 29. Ne4 Bxe4 30. Bxe4 Qe7 31. Bxc5 Qd8 32. Bxb4 Kh7 33. Bc3 Nh5 34. Qxh5 Qd1+ 35. Qxd1 1-0


[Site "https://www.chess.com"]

[Event "Titled Tuesday Blitz August 16 Early 2022"]
[White "Samadov, Read"]
[Black "Vlassov, Nikolai"]
[WhiteFideId "13417444"]
[BlackFideId "4103360"]
[WhiteElo "2084"]
[BlackElo "2324"]
[Result "1-0"]
[Round "04"]
[TimeControl "180+1"]
[Date "2022.08.16"]
[WhiteClock "0:00:14"]
[BlackClock "0:00:04"]

1. d4 Nf6 2. Nf3 e6 3. c4 Nc6 4. a3 d5 5. Nc3 dxc4 6. e3 Na5 7. Ne5 c5 8. Nxc4 cxd4 9. exd4 Be7 10. Be3 O-O 11. Ne5 Nc6 12. Nxc6 bxc6 13. Be2 a5 14. O-O Ba6 15. Rc1 Nd5 16. Bxa6 Rxa6 17. Ne4 Qb6 18. Qe2 Ra7 19. Rc2 Rc7 20. Rfc1 h6 21. Nc5 Qb5 22. Qd2 Rb8 23. Bf4 Nxf4 24. Qxf4 Rbc8 25. h4 Bxc5 26. Rxc5 Qxb2 27. Rxa5 Rd7 28. Rd1 Rcd8 29. Qe4 Rxd4 30. Rxd4 Qxd4 31. Qxc6 Qxh4 32. Ra8 Kh7 33. Rxd8 Qxd8 34. a4 Qd2 35. Qb5 Qe1+ 36. Qf1 Qb4 37. Qa1 Qa5 38. g3 h5 39. Qb1+ f5 40. Qb5 Qe1+ 41. Kg2 Qe4+ 42. Kg1 Qe1+ 43. Kg2 Qe4+ 44. Kg1 h4 45. gxh4 Qg4+ 46. Kf1 Qd1+ 47. Kg2 Qg4+ 48. Kf1 f4 49. Qd3+ Kh6 50. f3 Qh3+ 51. Ke1 Qxh4+ 52. Kd1 Qh1+ 53. Kc2 Qg2+ 54. Kb3 Qg1 55. a5 Qc5 56. a6 Qb6+ 57. Ka4 Qc6+ 58. Ka5 Qc7+ 59. Kb5 Qb8+ 60. Kc6 Qa8+ 61. Kb6 Qb8+ 62. Ka5 Qc7+ 63. Ka4 Qc6+ 64. Kb4 Qb6+ 65. Qb5 Qd4+ 66. Ka5 Qd8+ 67. Ka4 Qd4+ 68. Qb4 Qd7+ 69. Ka5 Qd8+ 70. Kb5 Qb8+ 71. Kc4 Qc7+ 72. Qc5 Qd7 73. a7 Qa4+ 74. Kd3 g5 75. Qf8+ Kh5 76. Qh8+ Kg6 77. a8=Q Qb3+ 78. Qc3 Qd1+ 79. Kc4 Qe2+ 80. Qd3+ Qxd3+ 81. Kxd3 1-0


[Site "https://www.chess.com"]

[Event "Titled Tuesday Blitz August 16 Early 2022"]
[White "Samunenkov, Ihor"]
[Black "Vovk, Orest"]
[WhiteFideId "14187086"]
[BlackFideId "14113490"]
[WhiteElo "2441"]
[BlackElo "2203"]
[Result "0-1"]
[Round "04"]
[TimeControl "180+2"]
[Date "2022.08.18"]
[WhiteClock "0:00:00"]
[BlackClock "0:00:00"]

1. Nf3 Nf6 2. d4 Rg8 3. c4 h6 4. Nc3 g5 5. e4 g4 6. Nd2 c5 7. d5 d6 8. Be2 Nbd7 9. Nf1 Ne5 10. Ne3 h5 11. Qc2 Bh6 12. Bd2 Bd7 13. a3 a6 14. b4 Qc7 15. Rb1 cxb4 16. Rxb4 b5 17. cxb5 axb5 18. Nxb5 Qxc2 19. Nxc2 Bxd2+ 20. Kxd2 Bxb5 21. Bxb5+ Kf8 22. a4 Kg7 23. Ne3 Rgb8 24. Rc1 Rxa4 25. Nf5+ Kg6 26. Nxe7+ Kg5 27. Rxa4 Rxb5 28. Nc6 Ned7 29. Rd4 Nc5 30. Ke3 Rb3+ 31. Ke2 Nfxe4 32. Rc2 Nc3+ 33. Kd2 N3e4+ 34. Kc1 f5 35. f3 gxf3 36. gxf3 Rxf3 37. Kb2 h4 38. Ka2 h3 39. Ne7 Nc3+ 40. Kb2 N5a4+ 41. Kc1 Rf1+ 42. Kd2 Rd1+ 43. Ke3 Re1+ 44. Kd3 Ne4 45. Re2 Nac5+ 46. Ke3 f4+ 47. Kf3 Rf1+ 0-1


[Site "https://www.chess.com"]

[Event "Titled Tuesday Blitz August 16 Early 2022"]
[White "Sanchez, Robert"]
[Black "Omariev, Maksim"]
[WhiteFideId "2034360"]
[BlackFideId "4193423"]
[WhiteElo "1966"]
[BlackElo "2304"]
[Result "1-0"]
[Round "04"]
[TimeControl "180+2"]
[Date "2022.08.18"]
[WhiteClock "0:00:00"]
[BlackClock "0:00:00"]

1. e4 c5 2. Nf3 d6 3. d4 cxd4 4. Nxd4 Nf6 5. Nc3 a6 6. Be3 Ng4 7. Bc1 Nf6 8. Be3 e6 9. f3 b5 10. Qd2 Nbd7 11. O-O-O b4 12. Nce2 d5 13. exd5 Nxd5 14. Bf2 Bb7 15. Kb1 Bc5 16. Nc1 O-O 17. Ncb3 Bb6 18. Bd3 a5 19. Be4 N7f6 20. Bh4 a4 21. Bxd5 Bxd5 22. Nc1 Rc8 23. Qf4 a3 24. b3 Qe7 25. Bxf6 gxf6 26. Rhe1 Bxd4 27. Rxd4 Qc5 28. Qd2 Kh8 29. Re2 Rb8 30. Rh4 Rg8 31. Nd3 Qe7 32. Nf4 1-0


[Site "https://www.chess.com"]

[Event "Titled Tuesday Blitz August 16 Early 2022"]
[White "Santeramo, Alessia Carmen"]
[Black "Pastar, Slaven"]
[WhiteFideId "850810"]
[BlackFideId "14402718"]
[WhiteElo "2041"]
[BlackElo "2248"]
[Result "0-1"]
[Round "04"]
[TimeControl "180+2"]
[Date "2022.08.18"]
[WhiteClock "0:00:00"]
[BlackClock "0:00:00"]

1. e4 b6 2. d4 Bb7 3. Bd3 Nf6 4. Qe2 e6 5. e5 Bxg2 6. exf6 Bxh1 7. f3 gxf6 8. Nc3 Rg8 9. Nh3 f5 10. Bg5 Rxg5 11. Nxg5 Qxg5 12. Kf2 Qg2+ 13. Ke1 Qg1+ 14. Qf1 Qxf1+ 15. Kxf1 Bxf3 0-1


[Site "https://www.chess.com"]

[Event "Titled Tuesday Blitz August 16 Early 2022"]
[White "Sarana, Alexey"]
[Black "Zou, Chen"]
[WhiteFideId "24133795"]
[BlackFideId "8610959"]
[WhiteElo "2666"]
[BlackElo "2276"]
[Result "1-0"]
[Round "04"]
[TimeControl "180+1"]
[Date "2022.08.16"]
[WhiteClock "0:00:58"]
[BlackClock "0:00:02"]

1. c4 Nf6 2. Nc3 e5 3. Nf3 Nc6 4. g3 d5 5. cxd5 Nxd5 6. Bg2 Nb6 7. b3 Be7 8. Bb2 O-O 9. Rc1 Be6 10. O-O Qd7 11. Ne4 f6 12. d4 exd4 13. Nxd4 Nxd4 14. Bxd4 Rfd8 15. Bc5 Bd5 16. Qc2 c6 17. Rfd1 Bxc5 18. Nxc5 Qe7 19. Bxd5+ Nxd5 20. e4 Nb6 21. a4 a5 22. b4 axb4 23. Qb3+ Kh8 24. Rxd8+ Qxd8 25. Qxb4 Qc7 26. a5 Nd7 27. Ne6 Qe5 28. Qe7 f5 29. Qxd7 1-0


[Site "https://www.chess.com"]

[Event "Titled Tuesday Blitz August 16 Early 2022"]
[White "Sargissyan, Sargis"]
[Black "Floresvillar Gonzalez, Luis Migu"]
[WhiteFideId "13303210"]
[BlackFideId "5100542"]
[WhiteElo "2102"]
[BlackElo "2040"]
[Result "1-0"]
[Round "04"]
[TimeControl "180+2"]
[Date "2022.08.18"]
[WhiteClock "0:00:00"]
[BlackClock "0:00:00"]

1. c4 e6 2. Nf3 Be7 3. g3 Nf6 4. Bg2 c6 5. O-O d5 6. b3 O-O 7. Bb2 Nbd7 8. d4 b6 9. Nbd2 Bb7 10. Ne5 Nxe5 11. dxe5 Ng4 12. h3 Nh6 13. e4 d4 14. f4 c5 15. f5 exf5 16. exf5 Bxg2 17. Kxg2 f6 18. e6 a5 19. a4 Qc7 20. Qf3 Rad8 21. Ne4 g5 22. Bc1 Kh8 23. Bd2 Ng8 24. h4 gxh4 25. Rh1 hxg3 26. Rxh7+ Kxh7 27. Qh5+ Nh6 28. Qxh6+ Kg8 29. Qg6+ 1-0


[Site "https://www.chess.com"]

[Event "Titled Tuesday Blitz August 16 Early 2022"]
[White "Seliverstov, Vladimir"]
[Black "Chen, Justin"]
[WhiteFideId "4192036"]
[BlackFideId "2098199"]
[WhiteElo "2489"]
[BlackElo "2289"]
[Result "0-1"]
[Round "04"]
[TimeControl "180+1"]
[Date "2022.08.16"]
[WhiteClock "0:01:17"]
[BlackClock "0:00:04"]

1. d4 Nf6 2. Bf4 d5 3. e3 c5 4. Nc3 cxd4 5. exd4 Bg4 6. Qd2 Nc6 7. h3 Bh5 8. g4 Bg6 9. Bg2 e6 10. a3 a6 11. Nge2 Bd6 12. O-O O-O 13. Bxd6 Qxd6 14. Ng3 Rac8 15. f4 Na5 16. Qf2 h6 17. f5 exf5 18. Nxf5 Bxf5 19. Qxf5 Nc4 20. Rae1 Nxb2 21. Nxd5 Nxd5 22. Bxd5 Qg3+ 23. Bg2 Nc4 24. Re7 Ne3 25. Qe4 Rxc2 26. Qxc2 Nxc2 27. Rf3 Qd6 28. Rxb7 Nxd4 29. Rf2 Ne6 30. a4 Qd1+ 31. Kh2 Qxa4 32. Kg1 Qa1+ 33. Rf1 Qe5 34. Kh1 Nf4 35. Ra7 Nxg2 36. Kxg2 Qd5+ 37. Kh2 Re8 38. Rf2 Qe5+ 39. Kg2 Qd5+ 40. Kh2 Qd6+ 41. Kg1 Re7 42. Ra8+ Kh7 43. Rc8 Re1+ 44. Kg2 Qd5+ 45. Kg3 Rg1+ 46. Kf4 Qd4+ 47. Kf3 Qd5+ 48. Kf4 Qd6+ 49. Kf3 Qf6+ 50. Ke2 Qe6+ 0-1


[Site "https://www.chess.com"]

[Event "Titled Tuesday Blitz August 16 Early 2022"]
[White "Shapiro, Daniel"]
[Black "Yedidia, Daniel"]
[WhiteFideId "2001780"]
[BlackFideId "30905907"]
[WhiteElo "2284"]
[BlackElo "2054"]
[Result "1-0"]
[Round "04"]
[TimeControl "180+2"]
[Date "2022.08.18"]
[WhiteClock "0:00:00"]
[BlackClock "0:00:00"]

1. d4 Nf6 2. c4 e6 3. g3 c5 4. d5 exd5 5. cxd5 d6 6. Nc3 g6 7. Nf3 Bg7 8. Nd2 a6 9. a4 O-O 10. Nc4 Re8 11. Bg2 Bf5 12. f3 h6 13. e4 g5 14. a5 g4 15. O-O gxf3 16. Qxf3 Bxe4 17. Nxe4 Rxe4 18. Nb6 Ra7 19. Bxh6 Rg4 20. Bxg7 Kxg7 21. Rf2 Rg6 22. Qf4 Qe7 23. Nc8 1-0


[Site "https://www.chess.com"]

[Event "Titled Tuesday Blitz August 16 Early 2022"]
[White "Shohat, Yotam"]
[Black "Kezin, Roman"]
[WhiteFideId "2813955"]
[BlackFideId "24124621"]
[WhiteElo "2119"]
[BlackElo "2551"]
[Result "0-1"]
[Round "04"]
[TimeControl "180+2"]
[Date "2022.08.18"]
[WhiteClock "0:00:00"]
[BlackClock "0:00:00"]

1. e4 Nc6 2. Nf3 e5 3. Bb5 a6 4. Bxc6 dxc6 5. O-O f6 6. d4 exd4 7. Nxd4 c5 8. Nb3 Qxd1 9. Rxd1 Bd7 10. Bf4 O-O-O 11. Nc3 b6 12. Nd5 Re8 13. Bxc7 b5 14. Bg3 Bc6 15. Nb6+ Kb7 16. Nd7 Ka8 17. Nxf8 Rxf8 18. Nxc5 Ka7 19. Ne6 Rc8 20. f3 g6 21. Bf2+ Ka8 22. Rd6 Ne7 23. Rad1 f5 24. e5 Rhe8 25. Nc5 a5 26. e6 a4 27. Nd7 Kb7 28. Nf6 Rh8 29. Bg3 Ka6 30. a3 h6 31. Be5 g5 32. c3 Kb7 33. Rd7+ Bxd7 34. Rxd7+ Kc6 35. Rxe7 Rhf8 36. Rf7 Rxf7 37. exf7 Rf8 38. h4 Rxf7 39. h5 Kc5 40. Kf2 Kc4 41. Ke3 Kb3 42. Nd5 Kxb2 43. c4+ Kxa3 44. cxb5 Kb3 45. b6 a3 46. Nc7 a2 47. b7 Rf8 48. Nd5 Rb8 49. Bxb8 a1=Q 50. Bd6 Qa7+ 51. Kd3 Qxb7 52. Nf6 Qa6+ 0-1


[Site "https://www.chess.com"]

[Event "Titled Tuesday Blitz August 16 Early 2022"]
[White "Shuvalova, Polina"]
[Black "Martin, Lewis"]
[WhiteFideId "24171760"]
[BlackFideId "410551"]
[WhiteElo "2330"]
[BlackElo "2145"]
[Result "1-0"]
[Round "04"]
[TimeControl "180+2"]
[Date "2022.08.18"]
[WhiteClock "0:00:00"]
[BlackClock "0:00:00"]

1. Nf3 Nf6 2. c4 c6 3. g3 d5 4. Bg2 e6 5. b3 Nbd7 6. Bb2 Bd6 7. O-O O-O 8. d4 Qe7 9. Nbd2 b6 10. Ne5 Bb7 11. e4 Rfd8 12. Nxc6 Bxc6 13. e5 Ne8 14. exd6 Nxd6 15. Rc1 Nf6 16. Qe2 Rac8 17. Rfe1 Qb7 18. Nf3 dxc4 19. bxc4 b5 20. d5 exd5 21. Bxf6 gxf6 22. c5 Ne4 23. Nd4 Qd7 24. Qh5 Kh8 25. Bh3 Qc7 26. Bf5 Ng5 27. h4 1-0


[Site "https://www.chess.com"]

[Event "Titled Tuesday Blitz August 16 Early 2022"]
[White "Silva, Kevin Ranidu"]
[Black "Manukyan, Sargis V."]
[WhiteFideId "9935258"]
[BlackFideId "13303465"]
[WhiteElo "1626"]
[BlackElo "2221"]
[Result "1-0"]
[Round "04"]
[TimeControl "180+2"]
[Date "2022.08.18"]
[WhiteClock "0:00:00"]
[BlackClock "0:00:00"]

1. e4 e6 2. d4 d5 3. Nc3 Bb4 4. exd5 exd5 5. Bd3 Ne7 6. a3 Bxc3+ 7. bxc3 Bf5 8. Ne2 Nbc6 9. O-O O-O 10. Ng3 Bxd3 11. Qxd3 Qd7 12. Re1 Rae8 13. a4 Ng6 14. Ba3 Rxe1+ 15. Rxe1 Re8 16. Rxe8+ Qxe8 17. Kf1 Na5 18. Bc1 Qxa4 19. Qf5 Qa1 20. Ne2 c6 21. f3 h6 22. Kf2 Qa2 23. Ng3 Nc4 24. Ke2 Qa6 25. Kf2 b5 26. Nh5 Qb7 27. Bxh6 gxh6 28. Qf6 Kf8 29. Qd8# 1-0


[Site "https://www.chess.com"]

[Event "Titled Tuesday Blitz August 16 Early 2022"]
[White "Simonovic, Miroslav"]
[Black "Papayan, Oleg"]
[WhiteFideId "919152"]
[BlackFideId "4193911"]
[WhiteElo "2043"]
[BlackElo "2038"]
[Result "0-1"]
[Round "04"]
[TimeControl "180+2"]
[Date "2022.08.18"]
[WhiteClock "0:00:00"]
[BlackClock "0:00:00"]

1. d4 d5 2. Bg5 h6 3. Bh4 c5 4. c3 Qb6 5. Qc2 Nc6 6. e3 g5 7. Bg3 Bg7 8. Nd2 e5 9. dxe5 Nxe5 10. Ngf3 Nc6 11. Be2 Nge7 12. O-O Bf5 13. Bd3 Bxd3 14. Qxd3 Qxb2 15. Rab1 Qxc3 16. Qxc3 Bxc3 17. Rxb7 g4 18. Nb1 Bf6 19. Bh4 Bxh4 20. Nxh4 O-O-O 21. Rb5 c4 22. f3 f5 23. fxg4 fxg4 24. Nf5 Kc7 25. Nxe7 Nxe7 26. Rf7 Rd7 27. Nc3 Kc6 28. Ra5 Rhd8 29. Ra6+ Kb7 30. Rxh6 Nc6 31. Rhh7 Rxf7 32. Rxf7+ Kb6 33. Rf4 Kc5 34. Rxg4 Kb4 35. Ne2 Ka3 36. Rg5 Kxa2 37. Rxd5 Rxd5 38. Nc3+ Kb3 39. Nxd5 c3 40. Nxc3 Kxc3 41. h4 a5 42. h5 Ne5 43. h6 a4 44. h7 Ng6 45. e4 Kd4 46. Kf2 a3 47. Kg3 a2 48. Kg4 a1=Q 49. Kg5 Nh8 50. Kf5 Qf1+ 51. Ke6 Qf8 52. g4 Kxe4 53. g5 Qg7 54. g6 Qxg6+ 55. Kd7 Qxh7+ 0-1


[Site "https://www.chess.com"]

[Event "Titled Tuesday Blitz August 16 Early 2022"]
[White "Sirosh, Ilja"]
[Black "Belov, Vladimir"]
[WhiteFideId "4500458"]
[BlackFideId "4132394"]
[WhiteElo "2255"]
[BlackElo "2501"]
[Result "0-1"]
[Round "04"]
[TimeControl "180+2"]
[Date "2022.08.18"]
[WhiteClock "0:00:00"]
[BlackClock "0:00:00"]

1. e4 c5 2. Nf3 d6 3. d4 cxd4 4. Nxd4 Nf6 5. Nc3 a6 6. Bc4 e6 7. Bb3 b5 8. Be3 Be7 9. a3 Qc7 10. Qe2 O-O 11. O-O-O Nbd7 12. g4 Nc5 13. f3 Rb8 14. g5 Nfd7 15. Ba2 b4 16. axb4 Rxb4 17. h4 Na4 18. Nxa4 Rxa4 19. Kb1 Rb4 20. h5 Nc5 21. g6 Bf6 22. Rhg1 Na4 23. Bb3 Nc5 24. gxf7+ Qxf7 25. Nf5 Kh8 26. Nxd6 Qc7 27. Bxc5 Qxc5 28. e5 Be7 29. Rg4 Rxg4 30. fxg4 a5 31. Rf1 Kg8 32. h6 gxh6 33. Rh1 Bxd6 34. exd6 Qxd6 35. Rxh6 Qf4 36. Bxe6+ Kg7 37. Rh5 Qf1+ 38. Qxf1 Rxf1+ 39. Ka2 Bxe6+ 40. b3 a4 41. Kb2 axb3 42. cxb3 Rf3 43. b4 Rb3+ 44. Kc2 Rxb4 45. Rg5+ Kf6 46. Rh5 Bxg4 47. Rh6+ Kg7 48. Ra6 Bf5+ 49. Kd2 Re4 50. Ra7+ Kg6 51. Ra5 Kg5 52. Kc3 h5 53. Kb2 h4 54. Ra8 h3 55. Rg8+ Kf4 56. Rh8 Bg4 57. Rf8+ Kg3 58. Rb8 h2 59. Rb3+ Bf3 60. Ka3 h1=Q 61. Kb2 Qe1 62. Ka3 Qa1# 0-1


[Site "https://www.chess.com"]

[Event "Titled Tuesday Blitz August 16 Early 2022"]
[White "Skawinski, Arkadiusz"]
[Black "Vakhlamov, Igor L."]
[WhiteFideId "1126415"]
[BlackFideId "24126748"]
[WhiteElo "2149"]
[BlackElo "2401"]
[Result "0-1"]
[Round "04"]
[TimeControl "180+2"]
[Date "2022.08.18"]
[WhiteClock "0:00:00"]
[BlackClock "0:00:00"]

1. e4 c5 2. Nf3 Nc6 3. c3 Nf6 4. e5 Nd5 5. d4 cxd4 6. cxd4 d6 7. Bc4 Nb6 8. Bb5 dxe5 9. Nxe5 Bd7 10. Nxd7 Qxd7 11. Nc3 e6 12. O-O a6 13. Bxc6 Qxc6 14. Qg4 h5 15. Qg5 Nd5 16. Nxd5 Qxd5 17. Qxd5 exd5 18. Re1+ Kd7 19. Re5 f6 20. Rxd5+ Ke6 21. Ra5 Rc8 22. Bd2 Rc2 23. Re1+ Kd7 24. Bc3 Bd6 25. h3 Re8 26. Rxe8 Kxe8 27. g3 g6 28. Ra4 Kd7 29. d5 f5 30. Kg2 Bc5 31. Bd4 b5 32. Bxc5 bxa4 33. Ba3 Rd2 34. d6 Ke6 35. Kf3 g5 36. h4 g4+ 37. Ke3 Rd1 38. f3 Rg1 39. Kf2 Rd1 40. Ke3 Rd5 41. fxg4 fxg4 42. Ke2 Rf5 43. Bb4 Rf3 44. Be1 Kxd6 45. Bf2 Kd5 46. Ke1 Kc4 47. Ke2 a3 48. bxa3 Rxa3 0-1


[Site "https://www.chess.com"]

[Event "Titled Tuesday Blitz August 16 Early 2022"]
[White "So, Wesley"]
[Black "Blanco Ronquillo, Humberto L."]
[WhiteFideId "5202213"]
[BlackFideId "3504239"]
[WhiteElo "2763"]
[BlackElo "2425"]
[Result "1-0"]
[Round "04"]
[TimeControl "180+1"]
[Date "2022.08.16"]
[WhiteClock "0:01:35"]
[BlackClock "0:00:25"]

1. Nf3 d5 2. d4 Nf6 3. c4 e6 4. Bg5 Be7 5. e3 Nbd7 6. Nc3 h6 7. Bf4 O-O 8. c5 Nh5 9. Bd3 Nxf4 10. exf4 b6 11. b4 bxc5 12. bxc5 Bf6 13. Rc1 a5 14. g4 Nb8 15. h4 Nc6 16. Bb1 Be7 17. g5 f5 18. O-O Qe8 19. Re1 Qh5 20. Ne5 Qxd1 21. Rcxd1 Nxe5 22. Rxe5 c6 23. Rde1 Kf7 24. Bxf5 Bxc5 25. dxc5 exf5 26. Re7+ Kg8 27. Rc7 d4 28. Ree7 1-0


[Site "https://www.chess.com"]

[Event "Titled Tuesday Blitz August 16 Early 2022"]
[White "Sourath Biswas"]
[Black "Puranik, Abhimanyu"]
[WhiteFideId "35091484"]
[BlackFideId "5061245"]
[WhiteElo "1777"]
[BlackElo "2520"]
[Result "0-1"]
[Round "04"]
[TimeControl "180+1"]
[Date "2022.08.16"]
[WhiteClock "0:00:03"]
[BlackClock "0:00:38"]

1. d4 d6 2. Bf4 g6 3. e4 Bg7 4. Nc3 e6 5. h4 h6 6. Nf3 a6 7. Bd3 b5 8. e5 d5 9. a4 b4 10. Ne2 Ne7 11. c3 bxc3 12. bxc3 c5 13. Bc2 a5 14. Bd3 Ba6 15. Bxa6 Rxa6 16. Rb1 Nbc6 17. Rb5 cxd4 18. cxd4 O-O 19. h5 g5 20. Bxg5 hxg5 21. h6 Nf5 22. hxg7 Kxg7 23. g4 Nh4 24. Nxh4 gxh4 25. Nf4 Qg5 26. Nh5+ Kg8 27. f4 Qg6 28. f5 Qg5 29. Qd3 Qc1+ 30. Qd1 Qe3+ 31. Kf1 Nxd4 32. Nf6+ Kg7 33. Rxh4 Qxe5 34. g5 Qxf5+ 35. Kg2 Qc2+ 36. Qxc2 Nxc2 37. Kg3 Rc6 38. Rb3 Rfc8 39. Rf3 Rc3 40. Nh5+ Kf8 41. Rf4 Rxf3+ 42. Rxf3 Nd4 43. Rf2 Rc3+ 44. Kg4 Rc4 45. g6 Nf5+ 46. Kg5 fxg6 47. Nf4 Ke7 48. Nxg6+ Kd6 49. Nf4 Ng3 50. Rg2 Ne4+ 51. Kg6 Rxa4 52. Kf7 Nc5 53. Rg6 0-1


[Site "https://www.chess.com"]

[Event "Titled Tuesday Blitz August 16 Early 2022"]
[White "Sovetbekova, Nurai"]
[Black "Tanenbaum, Zachary"]
[WhiteFideId "13801910"]
[BlackFideId "2060850"]
[WhiteElo "1646"]
[BlackElo "2175"]
[Result "1/2-1/2"]
[Round "04"]
[TimeControl "180+2"]
[Date "2022.08.18"]
[WhiteClock "0:00:00"]
[BlackClock "0:00:00"]

1. d4 d5 2. c4 Bf5 3. Nf3 e6 4. g3 c6 5. Bg2 Nd7 6. O-O Ngf6 7. Qb3 Qb6 8. c5 Qc7 9. Bf4 Qc8 10. Nc3 Be7 11. Nh4 Bg6 12. Nxg6 hxg6 13. e4 dxe4 14. Nxe4 Nxe4 15. Bxe4 Nf6 16. Bg2 O-O 17. a4 Nd5 18. Bxd5 exd5 19. Rae1 Qd7 20. Rxe7 Qxe7 21. Bd6 Qd7 22. Bxf8 Rxf8 23. Re1 f6 24. Qd3 Kf7 25. b4 g5 26. b5 Rh8 27. Qe2 Kg6 28. Qd3+ Kf7 29. Qe2 Re8 30. Qh5+ Kf8 31. Qh8+ Kf7 32. Qh5+ Kf8 33. Rxe8+ Qxe8 34. Qxe8+ Kxe8 35. Kf1 Kf7 36. Ke2 Ke6 37. Kf3 Kf5 38. g4+ Ke6 39. Ke3 Kd7 40. Kd3 Kc7 41. Kc3 b6 42. Kb4 Kb7 43. a5 cxb5 44. Kxb5 a6+ 45. Kb4 b5 46. Kb3 Kc6 47. Kb4 Kd7 48. Kb3 Ke6 49. Kb4 g6 50. Kb3 Kd7 51. Kb4 Kc6 52. Kb3 Kc7 53. Kb4 Kb7 54. Kb3 Kc8 55. Kb4 Kd7 56. Kb3 Ke7 57. Kb4 Ke6 58. Kb3 f5 59. h3 Ke7 60. Kb4 Kd7 61. Kb3 Kc7 62. Kb4 Kc6 63. Kb3 Kd7 64. Kb4 Ke6 65. Kb3 Ke7 66. Kb4 Kd7 67. Kb3 1/2-1/2


[Site "https://www.chess.com"]